Map: Triton LE

Players

Ryosis

  • Race: Zerg Zerg
  • League: Grandmaster
  • Spawn Location: 5:00

TheMusZero - Winner!

  • Race: Protoss Protoss
  • League: Grandmaster
  • Spawn Location: 11:00

Event: NationWars 2019

VOD

Have the link to the VOD?

Description

Time

  • Played on: Dec. 8, 2019, 6:27 a.m.
  • Length: 5:00
Show
View Real Time Build Order
Export as new Build Order

Ryosis Zerg 

Build Orders: Pool Only, Ravager All-In 

Get SALT Encoding   

  12  0:02  Drone  
  13  0:12  Overlord  
  13  0:16  Drone  
  14  0:30  Drone  
  14  0:31  Drone  
  16  0:41  Spawning Pool  
  15  0:43  Drone  
  15  0:47  Extractor  
  15  0:49  Drone  
  16  0:56  Drone  
  17  1:26  Extractor  
  17  1:28  Zergling x4  
  17  1:29  Queen  
  17  1:31  Roach Warren  
  19  1:33  Drone  
  19  1:39  Drone  
  21  1:49  Overlord  
  21  2:11  Roach  
  21  2:13  Roach  
  25  2:22  Roach  
  27  2:32  Ravager, Overlord  
  27  2:33  Ravager  
  29  2:44  Ravager  
  30  2:51  Roach  
  30  2:52  Roach x2  
  36  3:08  Roach  
  38  3:15  Ravager x2  
  36  3:27  Ravager  
  36  3:33  Roach x2  
  36  3:34  Roach  
  31  3:47  Roach  
  30  3:49  Ravager  
  28  4:01  Roach, Queen  
  29  4:03  Ravager  
  29  4:07  Roach  
  33  4:17  Ravager  
  33  4:18  Roach  
  35  4:27  Overlord  
  32  4:41  Roach  
  32  4:44  Ravager  
  30  4:47  Ravager  
Show
View Real Time Build Order
Export as new Build Order

TheMusZero Protoss - Winner!

Build Orders:  

Get SALT Encoding   

  12  0:00  Probe  
  13  0:13  Probe  
  14  0:17  Pylon  
  14  0:25  Probe  
  15  0:35  Forge  
  15  0:38  Probe (Chrono Boost)  
  16  0:48  Probe (Chrono Boost)  
  17  0:52  Pylon  
  17  0:55  Probe  
  18  1:10  Gateway  
  18  1:12  Probe  
  19  1:18  Photon Cannon  
  19  1:27  Probe, Assimilator  
  20  1:46  Probe  
  20  1:55  Gateway  
  20  2:00  Cybernetics Core  
  20  2:01  Photon Cannon  
  20  2:06  Gateway  
  20  2:18  Photon Cannon  
  20  2:35  Stalker (Chrono Boost)  
  20  2:37  Shield Battery  
  20  2:41  Shield Battery  
  20  2:43  Shield Battery  
  22  2:52  Shield Battery  
  22  2:56  Stalker (Chrono Boost)  
  26  3:13  Stalker (Chrono Boost)  
  26  3:16  Shield Battery  
  26  3:19  Shield Battery  
  26  3:34  Stalker  
  26  3:35  Stalker  
  30  3:41  Shield Battery  
  30  3:52  Assimilator  
  30  4:04  Probe  
  31  4:10  Pylon  
  31  4:28  Stalker, Probe  
  34  4:33  Robotics Facility  
  34  4:36  Shield Battery  
Tags
 
Add a new tag
Caveats
  • Supply blocks, unpowered buildings, or Contaminate may cause inaccurate times.
  • Supply counts are checked every 10 seconds.